 Dungeon Crawl Stone Soup version 0.23-a0-622-g59b4ea9c50 (webtiles) character file.

144 Hercules1031 the Skirmisher (level 5, 0/55 HPs)
             Began as an Ogre Fighter on Dec 21, 2018.
             Was a Follower of Nemelex Xobeh.
             Slain by a gnoll
             ... wielding a +0 flail
              (6 damage)
             ... on level 2 of the Dungeon on Dec 24, 2018.
             The game lasted 00:07:06 (1996 turns).

Hercules1031 the Skirmisher (Ogre Fighter)          Turns: 1996, Time: 00:07:06

Health: 0/55       AC:  3    Str: 21    XL:     5   Next: 26%
Magic:  5/5        EV:  8    Int:  9    God:    Nemelex Xobeh [*.....]
Gold:   72         SH:  8    Dex:  8    Spells: 4/4 levels left

rFire    . . .     SeeInvis .   a - +0 flail
rCold    . . .     Gourm    .   c - +0 shield
rNeg     . . .     Faith    .   b - +0 robe
rPois    .         Spirit   .   (helmet restricted)
rElec    .         Reflect  .   (no cloak)
rCorr    .         Harm     .   (gloves unavailable)
MR       .....                  (boots unavailable)
Stlth    +.........             (no amulet)
HPRegen  0.18/turn              (no ring)
MPRegen  0.09/turn              (no ring)

@: no status effects
A: large, unfitting armour, tough skin 1
a: Draw Escape, Draw Destruction, Draw Summoning, Renounce Religion


You were on level 2 of the Dungeon.
You worshipped Nemelex Xobeh.
Nemelex Xobeh was aware of your devotion.
You were not hungry.

You visited 1 branch of the dungeon, and saw 3 of its levels.

You collected 72 gold pieces.

Inventory:

Hand Weapons
 a - a +0 flail (weapon)
Armour
 b - a +0 robe (worn)
 c - a +0 shield (worn)
Scrolls
 e - a scroll of immolation {unknown}
 g - a scroll of magic mapping {unknown}
 i - a scroll of enchant armour {unknown}
 k - a scroll of enchant weapon {unknown}
 l - 2 scrolls of blinking {unknown}
 n - a scroll of fear {unknown}
Potions
 d - a potion of might
 m - a potion of resistance {unknown}
 o - a potion of mutation {unknown}
Comestibles
 f - 3 rations


   Skills:
 + Level 4.9 Fighting
 * Level 3.2 Maces & Flails
 + Level 3.3 Dodging
 + Level 3.3 Shields


You had 4 spell levels left.
You didn't know any spells.
Your spell library was empty.

Dungeon Overview and Level Annotations

Branches:
Dungeon (3/15)

Altars:
Nemelex Xobeh


Innate Abilities, Weirdness & Mutations

You are too large for most types of armour.
You have tough skin. (AC +1)


Message History

You hit the gnoll.
The gnoll is severely wounded.
You block the gnoll's attack. The gnoll hits you with a +0 flail!
* * * LOW HITPOINT WARNING * * *
Okay, then.
You block the gnoll's attack. You block the gnoll's attack. x2
Found a stone staircase leading up.
Nemelex Xobeh deals you some cards!
You now have 4 escape cards, 4 destruction cards and 3 summoning cards
There is a stone staircase leading up here.
The gnoll hits you with a +0 flail!
* * * LOW HITPOINT WARNING * * *
You climb upwards.
There is a stone staircase leading down here.
You hit the gnoll but do no damage.
The gnoll is severely wounded.
The gnoll hits you with a +0 flail.
You die...
Your body glows slightly and disappears.

.......# #..#####.# #[########
.......# ##.#####.####.# #
.......# #..#.##......# #
.......######..#.######### ######
.......).))...........# #....#
..........÷.........#.######.##.#
.......###.###...####........##.#
.......# #.# ##.g.# ########(...#
######## #.# #.@## #.####
##.####.## #..§.. #.......###
###### #.........# #.#####.#.#
######.# #...# #......# #####
#.####<# #.# #.#


You could see a gnoll.

Vanquished Creatures
  Ijyb (D:3)
  3 gnolls
  An adder (D:2)
  3 dart slugs (D:1)
  A leopard gecko (D:1)
  A ball python (D:3)
  4 giant cockroaches
  6 goblins
  7 hobgoblins
  4 jackals (D:1)
  A quokka (D:2)
  3 bats
  A frilled lizard (D:1)
  2 kobolds (D:2)
  6 rats
44 creatures vanquished.

Vanquished Creatures (collateral kills)
  A giant cockroach (D:2)
  3 jackals (D:2)
  3 bats (D:2)
7 creatures vanquished.

Vanquished Creatures (others)
  2 gnolls (D:2)
  A hobgoblin (D:2)
3 creatures vanquished.

Grand Total: 54 creatures vanquished

Notes
Turn   | Place    | Note
-------+----------+-------------------------------------------
     0 | D:1      | Hercules1031 the Ogre Fighter began the quest for the Orb.
     0 | D:1      | Reached XP level 1. HP: 24/24 MP: 1/1
   112 | D:1      | Reached XP level 2. HP: 28/32 MP: 2/2
   309 | D:1      | Upgraded the game from 0.23-a0-608-g7a20e1320a to
                  | 0.23-a0-622-g59b4ea9c50
   366 | D:1      | Reached XP level 3. HP: 21/40 MP: 3/3
   583 | D:1      | You fall through a shaft!
  1157 | D:2      | Found a faded altar of an unknown god.
  1169 | D:2      | Became a worshipper of Nemelex Xobeh the Trickster
  1169 | D:2      | Received a gift from Nemelex Xobeh
  1169 | D:2      | Reached * piety under Nemelex Xobeh
  1489 | D:2      | Reached XP level 4. HP: 36/49 MP: 4/4
  1903 | D:3      | Noticed Ijyb
  1913 | D:3      | Killed Ijyb
  1913 | D:3      | Reached XP level 5. HP: 55/55 MP: 5/5
  1992 | D:3      | Received a gift from Nemelex Xobeh
  1996 | D:2      | Slain by a gnoll

Vault maps used:
D:1:      elethiomel_arrival_shortcut, minmay_heptomino_w4
D:2:      first_ration, chequers_ecumenical_altar_simple_redux
D:3:      corexii_item_surrounded_by_moat, nicolae_ru_great_annihilating_truth,
          uniq_terence, uniq_sigmund, uniq_ijyb

Skill      XL: |  1  2  3  4 |
---------------+-------------+-----
Maces & Flails | 2 3 |  3.2
Shields        | 3 |  3.3
Dodging        | 3 |  3.3
Fighting       | |  4.9

Action                   |  1- 3 |  4- 6 || total
-------------------------+-------+-------++-------
Melee: Flail             |   136 |    30 ||   166
 Abil: Draw Summoning    |     2 |       ||     2
       Draw Destruction  |     1 |     4 ||     5
  Use: Potion            |       |     2 ||     2
  Eat: Ration            |     1 |       ||     1
Armor: Robe              |    46 |     2 ||    48
       Skin              |       |     9 ||     9
Dodge: Dodged            |    43 |    14 ||    57
Block: Shield            |    70 |    22 ||    92

Table legend:
 A = Non-vault XP
 B = Vault XP
 C = Vault XP percentage of total XP
 D = Non-vault monster count
 E = Vault monster count
 F = Vault count percentage of total count
                 A         B        C        D         E       F
            +---------+---------+-------+---------+---------+-------
      Total |     157 |      49 |  23.8 |      47 |       7 |  13.0
            +---------+---------+-------+---------+---------+-------
        D:1 |      42 |      13 |  23.6 |      21 |       6 |  22.2
        D:2 |      96 |       0 |   0.0 |      22 |       0 |   0.0
        D:3 |      19 |      36 |  65.5 |       4 |       1 |  20.0
            +---------+---------+-------+---------+---------+-------
